 Dungeon Crawl Stone Soup version 0.32-a0-921-g04a7ad8e02 (webtiles) character file.

Game seed: 7501614628384937710

24479 Ijustatesigmund the Destroyer (level 13, -7/98 HPs)
             Began as a Gnoll Conjurer on Apr 11, 2024.
             Was a Believer of Vehumet.
             Mangled by a death knight
             ... wielding a +1 great sword
              (26 damage)
             ... on level 12 of the Dungeon on Apr 12, 2024.
             The game lasted 00:38:38 (17065 turns).

Ijustatesigmund the Destroyer (Gnoll Conjurer)     Turns: 17065, Time: 00:38:40

Health: -7/98      AC: 13    Str:  6    XL:     13   Next: 13%
Magic:  22/35      EV: 14    Int: 21    God:    Vehumet [**....]
Gold:   1976       SH:  0    Dex: 13    Spells: 13/31 levels left

rFire   . . .        B - +5 trident (drain)
rCold   . . .        (no shield)
rNeg    . . .        u - +1 troll leather armour
rPois   .            G - +0 helmet
rElec   .            (no cloak)
rCorr   .            N - +0 pair of gloves
SInv    .            l - +0 pair of boots
Will    .....        n - amulet of regeneration
Stlth   ++++         k - ring of magical power
HPRegen 1.96/turn    s - +4 ring of protection
MPRegen 0.24/turn

%: no passive effects
@: mighty, freezing walls, hasted, invisible, very quick
A: fangs 1, strong nose, distributed training
a: Renounce Religion


You were on level 12 of the Dungeon.
You worshipped Vehumet.
Vehumet was pleased with you.
You visited 1 branch of the dungeon, and saw 13 of its levels.
You also visited: Gauntlet.

You collected 2000 gold pieces.
You spent 24 gold pieces at shops.

Inventory:

Hand Weapons
 f - a +2 long sword of holy wrath
 B - a +5 trident of draining (weapon)
Missiles
 v - 5 throwing nets
Armour
 l - a +0 pair of boots (worn)
 u - a +1 troll leather armour (worn)
 G - a +0 helmet (worn)
 N - a +0 pair of gloves (worn)
Magical Staves
 x - a staff of conjuration
Jewellery
 c - an amulet of magic regeneration
 h - a ring of ice
 k - a ring of magical power (left hand)
 n - an amulet of regeneration (around neck)
 s - a +4 ring of protection (right hand)
Wands
 a - a wand of charming (6)
 i - a wand of polymorph (7)
 j - a wand of mindburst (12)
 m - a wand of acid (7)
 y - a wand of roots (18)
 J - a wand of digging (12)
 K - a wand of flame (4)
Scrolls
 d - a scroll of teleportation
 e - a scroll of identify
 p - a scroll of amnesia
 q - 2 scrolls of poison
 t - a scroll of revelation
 w - a scroll of immolation
 E - a scroll of vulnerability
 H - a scroll of blinking
Potions
 b - 2 potions of magic
 g - a potion of might
 o - a potion of haste
 r - 2 potions of resistance
 z - 4 potions of lignification
 A - a potion of brilliance
 C - 3 potions of mutation
 D - a potion of attraction
 F - a potion of cancellation
 I - a potion of enlightenment
 L - a potion of ambrosia {unknown}
Miscellaneous
 M - a phantom mirror


   Skills:
 + Level 8.3 Fighting
 + Level 8.3 Short Blades
 + Level 8.3 Long Blades
 + Level 8.3 Axes
 + Level 8.3 Maces & Flails
 + Level 8.3 Polearms
 + Level 8.3 Staves
 + Level 8.3 Ranged Weapons
 + Level 8.3 Throwing
 + Level 8.3 Armour
 + Level 9.5 Dodging
 + Level 9.3 Stealth
 + Level 8.3 Shields
 + Level 8.3 Unarmed Combat
 + Level 9.7 Spellcasting
 + Level 10.0 Conjurations
 + Level 6.9 Hexes
 + Level 6.9 Summonings
 + Level 6.9 Necromancy
 + Level 6.9 Translocations
 + Level 6.9 Fire Magic
 + Level 6.9 Ice Magic
 + Level 6.9 Air Magic
 + Level 6.9 Earth Magic
 + Level 6.9 Alchemy
 + Level 9.1 Invocations
 + Level 8.3 Evocations
 + Level 7.5 Shapeshifting


You had 13 spell levels left.
You knew the following spells:

 Your Spells              Type           Power      Damage    Failure   Level
a - Magic Dart            Conj           100%       1d8       1%          1
b - Searing Ray           Conj           100%       2d8       1%          2
c - Iskenderun's Mystic   Conj/Tloc      45%        2d10      (+2d52%     4
d - Olgreb's Toxic Radia  Alch           39%        N/A       5%          4
e - Ignite Poison         Fire/Alch      39%        N/A       5%          4
f - Frozen Ramparts       Ice            78%        1d12      1%          3

Your spell library contained the following spells:

 Spells                   Type           Power      Damage    Failure   Level
 Scorch                   Fire           78%        2d8       1%          2
 Freeze                   Ice            100%       1d10      1%          1
 Necrotise                Necr           100%       1d9       1%          1
 Ensorcelled Hibernation  Hex/Ice        78%        N/A       1%          2
 Call Canine Familiar     Summ           39%        N/A       1%          3
 Fugue of the Fallen      Necr           39%        N/A       1%          3
 Hailstorm                Conj/Ice       45%        3d10      1%          3
 Sigil of Binding         Hex            39%        N/A       1%          3
 Vampiric Draining        Necr           39%        2d8       1%          3
 Fulminant Prism          Conj/Alch      22%        3d12      2%          4
 Anguish                  Hex/Necr       19%        N/A       5%          4
 Dimensional Bullseye     Hex/Tloc       19%        N/A       5%          4
 Martyr's Knell           Necr/Summ      39%        N/A       5%          4
 Sticky Flame             Fire/Alch      39%        2d8       5%          4
 Curse of Agony           Necr           39%        N/A       16%         5
 Death Channel            Necr           19%        N/A       63%         6
 Sculpt Simulacrum        Ice/Alch       19%        N/A       63%         6
 Ozocubu's Refrigeration  Ice            19%        4d11      99%         7
 Discord                  Hex            19%        N/A       100%        8
 Ignition                 Fire           19%        3d7       100%        8


Dungeon Overview and Level Annotations

Branches:
Dungeon (13/15)            Temple (0/1) D:7            Lair (0/5) D:8
    Orc (0/2) D:10        Gauntlet (visited)
 Vaults: D:13-14

Altars:
Ashenzari
Gozag
Nemelex Xobeh
Qazlal
Trog
Vehumet
Zin
The Shining One

Shops:
D:9 *   D:12 [

Annotations:
D:3 2 transporters, ongoing's ghost, amateur OnGl
D:4 3 runed translucent doors, arvianne's ghost, amateur KoBr
D:9 2 transporters, confidenceinterval's ghost, novice GnCj


Innate Abilities, Weirdness & Mutations

You have very sharp teeth.
Your uncanny sense of smell can sniff out nearby items.
Your experience applies equally to all skills.


Message History

You ignite the poison in your surroundings!
The death knight seems to burn from within!
The death knight is moderately wounded.
The death knight reflects your damage back at you!
* * * LOW HITPOINT WARNING * * *
The death knight's dark mirror aura disappears.
Casting: Ignite Poison (dangerous; 5% risk of failure)
Confirm with . or Enter, or press ? or * to list all spells.
Casting: Frozen Ramparts (safe; 1% risk of failure)
Press: ? - help, Dir - look around, f - activate A stone staircase leading down, spattered with blood.
The walls around you are covered in ice.
The wall freezes the death knight!
Casting: Frozen Ramparts (safe; 1% risk of failure)
Confirm with . or Enter, or press ? or * to list all spells.
Aiming: Searing Ray (safe; 1% risk of failure)
Press: ? - help, Shift-Dir - straight line, f - death knight
Aim: a death knight, wielding a +1 great sword and wearing a +0 chain mail (moderately wounded, wandering, unable to see you, hasn't noticed you, 83% to hit)
The searing ray hits the death knight.
The death knight is heavily wounded. (Press . to maintain the ray.)
The wall freezes the death knight but does no damage.
The wall freezes the death knight!
You strike the helpless death knight from behind!
You puncture the death knight! You drain the death knight.
You bite the death knight, but do no damage.
The death knight is severely wounded.
You barely miss the death knight.
The death knight is severely wounded.
The wall freezes the death knight but does no damage.
The death knight invokes the aid of Yredelemnul against you.
Your body is wracked with pain!
* * * LOW HITPOINT WARNING * * *
You catch the helpless death knight completely off-guard!
You hit the death knight. You drain the death knight.
You bite the death knight.
The death knight is almost dead.
The wall freezes the death knight but does no damage.
The death knight hits you with a +1 great sword!!
You die...

#........ #####..## ##...#
####################..#..
##......##.....#......###.
####..........###.#.####.)#..
#....#######..#........##...#
#.##.# #....#.#.##.##.###
#.#..# #@.###.#.##.##.#
#.#..# #p.###.#.......#
#....# #......####.####
#....# #.###### #.######
#....#######.##### #%.....#
##...(...........## #..###.#
#..#.#..##...###.####..#....
#.......##...# #............
#......###...###.###......(.


You could see a death knight (unable to see you, drained).

Vanquished Creatures
  Rupert (D:12)
  A minotaur (Gauntlet)
  Josephine (D:11)
  A two-headed ogre (D:10)
  3 boulder beetles
  Nergalle (D:11)
  2 orc knights
  3 deep elf pyromancers
  3 ugly things
  2 cyclopes
  A manticore (D:7)
  2 gargoyles
  An unseen horror (D:10)
  A centaur skeleton (D:13)
  A komodo dragon (D:8)
  2 rime drakes (Gauntlet)
  A yaktaur (D:12)
  A kobold demonologist (D:11)
  Psyche (D:8)
  A troll (shapeshifter) (D:13)
  4 trolls
  A queen bee (Gauntlet)
  A hornet (D:8)
  A shadow (D:12)
  2 vampires
  4 wraiths (D:11)
  2 wyverns
  14 yaks
  A basilisk (D:11)
  2 steam dragons
  An acid dragon (D:8)
  3 water moccasins
  A hell hound (Gauntlet)
  An ice beast (D:6)
  Duvessa (D:6)
  5 orc warriors
  4 sky beasts
  2 black bears
  3 ogres
  10 centaurs
  3 kobold brigands
  3 phantoms
  3 bullfrogs
  A gnoll sergeant (D:11)
  3 scorpions
  10 wights
  Dowan (D:6)
  18 killer bees
  2 howler monkeys (D:8)
  5 bombardier beetles
  4 hounds
  A jelly (D:4)
  6 orc priests
  2 sleepcaps (D:5)
  3 gnoll boudas
  Jessica (D:2)
  4 iguanas
  17 orc wizards
  A gnoll (shapeshifter) (D:13)
  9 adders
  22 gnolls
  3 shadow imps
  2 ufetubi (D:7)
  3 dart slugs
  2 ribbon worms
  36 orcs
  4 endoplasms
  2 giant cockroaches
  4 hobgoblins
  2 jackals (D:4)
  A quokka (D:3)
  2 ball pythons
  4 bats
  2 frilled lizards
  3 goblins
  17 kobolds
  2 rats
301 creatures vanquished.

Notes
Turn   | Place    | Note
-------+----------+-------------------------------------------
     0 | D:1      | Ijustatesigmund the Gnoll Conjurer began the quest for the
                  | Orb.
     0 | D:1      | Reached XP level 1. HP: 13/13 MP: 6/6
   403 | D:1      | Reached XP level 2. HP: 19/19 MP: 7/7
   589 | D:1      | Learned a level 2 spell: Searing Ray
   939 | D:2      | Noticed Jessica
   961 | D:2      | Reached skill level 5 in Spellcasting
   961 | D:2      | Reached XP level 3. HP: 16/25 MP: 9/9
   961 | D:2      | Killed Jessica
   962 | D:2      | Reached skill level 1 in Fighting
   962 | D:2      | Reached skill level 1 in Short Blades
   962 | D:2      | Reached skill level 1 in Long Blades
   962 | D:2      | Reached skill level 1 in Axes
   962 | D:2      | Reached skill level 1 in Maces & Flails
   962 | D:2      | Reached skill level 1 in Polearms
   962 | D:2      | Reached skill level 1 in Staves
   962 | D:2      | Reached skill level 1 in Ranged Weapons
   962 | D:2      | Reached skill level 1 in Throwing
   962 | D:2      | Reached skill level 1 in Armour
   962 | D:2      | Reached skill level 1 in Shields
   962 | D:2      | Reached skill level 1 in Unarmed Combat
   962 | D:2      | Reached skill level 1 in Invocations
   962 | D:2      | Reached skill level 1 in Evocations
  1103 | D:2      | Found a sparkling altar of Nemelex Xobeh.
  1188 | D:2      | Reached skill level 1 in Shapeshifting
  1188 | D:2      | Reached XP level 4. HP: 32/32 MP: 11/11
  1807 | D:3      | Noticed a black bear
  1813 | D:3      | Killed a black bear
  1814 | D:3      | Reached skill level 1 in Hexes
  1814 | D:3      | Reached skill level 1 in Summonings
  1814 | D:3      | Reached skill level 1 in Necromancy
  1814 | D:3      | Reached skill level 1 in Translocations
  1814 | D:3      | Reached skill level 1 in Fire Magic
  1814 | D:3      | Reached skill level 1 in Ice Magic
  1814 | D:3      | Reached skill level 1 in Air Magic
  1814 | D:3      | Reached skill level 1 in Earth Magic
  1814 | D:3      | Reached skill level 1 in Alchemy
  1814 | D:3      | Reached XP level 5. HP: 37/37 MP: 12/12
  1970 | D:3      | Found a transporter.
  1970 | D:3      | Noticed ongoing's ghost (amateur OnGl)
  2027 | D:3      | Learned a level 4 spell: Iskenderun's Mystic Blast
  2463 | D:3      | Found a transporter.
  2581 | D:4      | Found a sparkling altar of Nemelex Xobeh.
  2592 | D:4      | Reached XP level 6. HP: 31/44 MP: 14/14
  2633 | D:4      | Reached skill level 5 in Dodging
  2826 | D:4      | Reached XP level 7. HP: 33/50 MP: 15/15
  3284 | D:4      | Found a runed translucent gate.
  3286 | D:4      | Found a runed translucent gate.
  3287 | D:4      | Found a runed translucent gate.
  3287 | D:4      | Noticed arvianne's ghost (amateur KoBr)
  3337 | D:4      | Reached skill level 5 in Stealth
  3638 | D:5      | Entered Level 5 of the Dungeon
  3878 | D:5      | Reached XP level 8. HP: 30/58 MP: 15/16
  4680 | D:5      | Identified the +0 leather armour "Xoownuogaw" {*Corrode rF+
                  | Int+8}
  5616 | D:6      | Noticed Duvessa
  5616 | D:6      | Noticed Dowan
  5621 | D:6      | Killed Dowan
  5634 | D:6      | Killed Duvessa
  6086 | D:6      | Found a broken altar of Ashenzari.
  6201 | D:6      | Reached XP level 9. HP: 29/65 MP: 18/18
  6251 | D:6      | Noticed a troll
  6268 | D:6      | Killed a troll
  6269 | D:6      | Reached skill level 8 in Conjurations
  7040 | D:7      | Found a staircase to the Ecumenical Temple.
  7304 | D:7      | Reached skill level 5 in Invocations
  7441 | D:7      | Noticed Jeremiah
  7447 | D:7      | Jeremiah changed into Jeremiah the manticore
  7447 | D:7      | Noticed Jeremiah
  7457 | D:7      | Killed Jeremiah the manticore
  7582 | D:7      | Identified a scroll of acquirement
  7582 | D:7      | Acquired 999 gold pieces
  7858 | D:7      | Found a stormy altar of Qazlal.
  7869 | D:7      | Found a glowing silver altar of Zin.
  7878 | D:7      | Reached skill level 5 in Fighting
  7878 | D:7      | Reached skill level 5 in Short Blades
  7878 | D:7      | Reached skill level 5 in Long Blades
  7878 | D:7      | Reached skill level 5 in Axes
  7878 | D:7      | Reached skill level 5 in Maces & Flails
  7878 | D:7      | Reached skill level 5 in Polearms
  7878 | D:7      | Reached skill level 5 in Staves
  7878 | D:7      | Reached skill level 5 in Ranged Weapons
  7878 | D:7      | Reached skill level 5 in Throwing
  7878 | D:7      | Reached skill level 5 in Armour
  7878 | D:7      | Reached skill level 5 in Shields
  7878 | D:7      | Reached skill level 5 in Unarmed Combat
  7878 | D:7      | Reached skill level 5 in Evocations
  8096 | D:7      | Reached XP level 10. HP: 73/74 MP: 20/20
  8286 | D:7      | Found an opulent altar of Gozag.
  8469 | D:7      | Found a glowing golden altar of the Shining One.
  8629 | D:8      | Found a staircase to the Lair.
  8822 | D:8      | Noticed Psyche
  8831 | D:8      | Killed Psyche
  8832 | D:8      | Reached skill level 5 in Shapeshifting
  9408 | D:8      | Upgraded the game from 0.32-a0-918-g0f22ef8d61 to
                  | 0.32-a0-921-g04a7ad8e02
  9820 | D:9      | Found a transporter.
  9823 | D:9      | Noticed a tengu warrior
  9833 | D:9      | Found a bloodstained altar of Trog.
  9833 | D:9      | Noticed confidenceinterval's ghost (novice GnCj)
  9841 | D:9      | Noticed a moth of wrath
  9842 | D:9      | Noticed a two-headed ogre
  9956 | D:9      | Reached skill level 5 in Hexes
  9956 | D:9      | Reached skill level 5 in Summonings
  9956 | D:9      | Reached skill level 5 in Necromancy
  9956 | D:9      | Reached skill level 5 in Translocations
  9956 | D:9      | Reached skill level 5 in Fire Magic
  9956 | D:9      | Reached skill level 5 in Ice Magic
  9956 | D:9      | Reached skill level 5 in Air Magic
  9956 | D:9      | Reached skill level 5 in Earth Magic
  9956 | D:9      | Reached skill level 5 in Alchemy
  9956 | D:9      | Reached XP level 11. HP: 60/81 MP: 22/22
  9986 | D:9      | Found a radiant altar of Vehumet.
  9992 | D:9      | Became a worshipper of Vehumet
 10302 | D:9      | Found Zuwyoveph's Assorted Antiques.
 10310 | D:9      | Bought a fizzy inky potion for 24 gold pieces
 10344 | D:9      | Found a transporter.
 10345 | D:9      | Noticed a two-headed ogre
 10472 | D:9      | Reached skill level 9 in Conjurations
 10808 | D:10     | Entered Level 10 of the Dungeon
 10998 | D:10     | Found a staircase to the Orcish Mines.
 11267 | D:10     | Noticed a two-headed ogre
 11285 | D:10     | Killed a two-headed ogre
 11360 | D:10     | Noticed a deep elf pyromancer
 11366 | D:10     | Killed a deep elf pyromancer
 11366 | D:10     | Reached * piety under Vehumet
 11366 | D:10     | Offered knowledge of Sandblast by Vehumet.
 11713 | D:11     | Noticed Nergalle
 11737 | D:11     | Noticed a boulder beetle
 11793 | D:11     | Killed a boulder beetle
 11964 | D:11     | Identified the +6 rapier "Ynwuateu" {flame, Str+7}
 11966 | D:11     | Noticed Josephine
 12224 | D:11     | Killed Nergalle
 12255 | D:11     | Noticed a brown ugly thing
 12267 | D:11     | Killed a brown ugly thing
 12485 | D:11     | Reached XP level 12. HP: 44/91 MP: 19/24
 12754 | D:11     | Killed Josephine
 12946 | D:11     | Reached ** piety under Vehumet
 12946 | D:11     | Offered knowledge of Shock by Vehumet.
 13125 | D:11     | Noticed a boulder beetle
 13166 | D:11     | Killed a boulder beetle
 13212 | D:12     | Noticed Rupert
 13215 | D:12     | Found a sparkling altar of Nemelex Xobeh.
 14631 | D:12     | Learned a level 4 spell: Olgreb's Toxic Radiance
 14665 | D:12     | Learned a level 4 spell: Ignite Poison
 14669 | D:12     | Learned a level 3 spell: Frozen Ramparts
 14696 | D:12     | Paralysed by Rupert for 4 turns
 14712 | D:12     | Killed Rupert
 15009 | D:12     | Found Untusk's Antique Armour Emporium.
 15166 | D:12     | Noticed a boulder beetle
 15176 | D:12     | Killed a boulder beetle
 15356 | D:13     | Found a gate leading to a gauntlet.
 15392 | Gauntlet | Entered a Gauntlet
 15392 | Gauntlet | Found a transporter.
 15497 | Gauntlet | Found a transporter.
 15499 | Gauntlet | Found a transporter.
 15501 | Gauntlet | Found a transporter.
 15503 | Gauntlet | Noticed a death yak
 15503 | Gauntlet | Noticed a death yak
 15504 | Gauntlet | Noticed a death yak
 15543 | Gauntlet | Found a transporter.
 15543 | Gauntlet | Found a transporter.
 15617 | Gauntlet | Noticed a wretched star
 15763 | Gauntlet | Found a transporter.
 15763 | Gauntlet | Found a transporter.
 15769 | Gauntlet | Reached XP level 13. HP: 73/98 MP: 24/26
 15824 | Gauntlet | Noticed a balrug
 15829 | Gauntlet | Found a transporter.
 15857 | Gauntlet | Found a transporter.
 15863 | Gauntlet | HP: 3/98 [balrug/divine providence (11)]
 15865 | Gauntlet | Found a transporter.
 15879 | Gauntlet | Noticed a minotaur
 15918 | Gauntlet | Found a transporter.
 15936 | Gauntlet | Killed a minotaur
 16422 | D:13     | Reached skill level 10 in Conjurations
 16609 | D:13     | Offered knowledge of Scorch by Vehumet.
 17065 | D:12     | Mangled by a death knight

Illustrated notes

Levels and vault maps discovered:
D:1:      dpeg_arrival_pits, layout_basic
D:2:      minmay_wonky_spiral, layout_loops_ring, basic_altar, glass_columns_a,
          chequers_avenue, st_stairs_9, uniq_jessica
D:3:      layout_loops_corners, gammafunk_ghost_mausoleum, serial_bayou_pond_e,
          minmay_misc_feat_nine_boxes
D:4:      layout_basic, nemelex_xobeh_ov_fountains_minmay,
          gammafunk_ghost_nasty_kobolds, minmay_surrounded
D:5:      layout_loops_corners
D:6:      layout_loops_ring, cheibrodos_ashenzari_chains,
          minmay_misc_feat_tower, uniq_duvessa
D:7:      layout_basic, grunt_gozag_statues, marbit_many_paths,
          jmf_multi_god_temple2, temple_pool_b, glass_columns_a,
          chequers_garden, uniq_jeremiah
D:8:      layout_loops_corners, david_lair_shrubbed, kennysheep_kite_vault,
          uniq_psyche
D:9:      layout_loops_ring, nicolae_vehumet_altar_sigil, serial_shops, shop,
          gammafunk_ghost_wrathful_warriors
D:10:     layout_roguey, orc_0_dummy, minmay_stone_trees_small
D:11:     layout_loops_ring, uniq_josephine, uniq_nergalle
D:12:     layout_loops_cross, serial_shops, shop, minmay_ruined_shrine,
          uniq_rupert
D:13:     layout_stronghold, hangedman_vaults_entry_quadrant_bands,
          gauntlet_entry_generic, kennysheep_treasure_room

Skill      XL: |  1  2  3  4  5  6  7  8  9 10 11 12 13 |
---------------+----------------------------------------+-----
Spellcasting   | 5 6 7 8 9 |  9.7
Fighting       | 1 2 3 4 5 6 7 8 |  8.3
Short Blades   | 1 2 3 4 5 6 7 8 |  8.3
Long Blades    | 1 2 3 4 5 6 7 8 |  8.3
Axes           | 1 2 3 4 5 6 7 8 |  8.3
Maces & Flails | 1 2 3 4 5 6 7 8 |  8.3
Polearms       | 1 2 3 4 5 6 7 8 |  8.3
Staves         | 1 2 3 4 5 6 7 8 |  8.3
Ranged Weapons | 1 2 3 4 5 6 7 8 |  8.3
Throwing       | 1 2 3 4 5 6 7 8 |  8.3
Armour         | 1 2 3 4 5 6 7 8 |  8.3
Shields        | 1 2 3 4 5 6 7 8 |  8.3
Unarmed Combat | 1 2 3 4 5 6 7 8 |  8.3
Invocations    | 1 2 3 4 5 6 7 8 9 |  9.1
Evocations     | 1 2 3 4 5 6 7 8 |  8.3
Shapeshifting  | 1 2 3 4 5 6 7 |  7.5
Hexes          | 1 2 3 4 5 6 |  6.9
Summonings     | 1 2 3 4 5 6 |  6.9
Necromancy     | 1 2 3 4 5 6 |  6.9
Translocations | 1 2 3 4 5 6 |  6.9
Fire Magic     | 1 2 3 4 5 6 |  6.9
Ice Magic      | 1 2 3 4 5 6 |  6.9
Air Magic      | 1 2 3 4 5 6 |  6.9
Earth Magic    | 1 2 3 4 5 6 |  6.9
Alchemy        | 1 2 3 4 5 6 |  6.9
Dodging        | 5 6 7 8 9 |  9.5
Stealth        | 5 6 7 8 9 |  9.3
Conjurations   | 8 9 10 | 10.0

Action                     |  1- 3 |  4- 6 |  7- 9 | 10-12 | 13-15 || total
---------------------------+-------+-------+-------+-------+-------++-------
  Melee: Long sword        |    40 |    69 |   207 |       |       ||   316
         Bite              |     2 |    12 |    27 |    89 |    11 ||   141
         Trident           |       |       |    64 |   714 |    40 ||   818
   Cast: Magic Dart        |     8 |     9 |    35 |    36 |       ||    88
         Searing Ray       |     2 |     7 |    22 |    11 |     2 ||    44
         Iskenderun's Myst |       |     2 |    27 |    54 |     3 ||    86
         Olgreb's Toxic Ra |       |       |       |    14 |     7 ||    21
         Ignite Poison     |       |       |       |     6 |     4 ||    10
         Frozen Ramparts   |       |       |       |     1 |     3 ||     4
  Evoke: Wand              |       |       |     3 |     5 |       ||     8
    Use: Potion            |     1 |       |     1 |     9 |     4 ||    15
         Scroll            |       |     4 |    13 |    13 |     5 ||    35
   Stab: Sleeping          |     2 |     4 |    11 |    11 |     2 ||    30
         Distracted        |       |       |     4 |     1 |       ||     5
         Invisible         |       |       |       |       |     3 ||     3
 Armour: Robe              |    25 |    50 |   129 |       |       ||   204
         Troll leather arm |       |       |    86 |   551 |    66 ||   703
  Dodge: Dodged            |    32 |    53 |   211 |   491 |    49 ||   836

Table legend: (Time is in decaauts)
 A = Elapsed time spent in this place.
 B = Non-inter-level travel time spent in this place.
 C = Inter-level travel time spent in this place.
 D = Time resting spent in this place.
 E = Time spent auto-exploring this place.
 F = Levels seen in this place.
 G = Mean time per level.
                   A        B        C        D        E       F      G
               +--------+--------+--------+--------+--------+-----+--------+
         Total |  17221 |  16762 |    459 |   5363 |   8345 |  14 | 1230.1 |
       Dungeon |  16574 |  16115 |    459 |   4902 |   8337 |  13 | 1274.9 |
      Gauntlet |    646 |    646 |      0 |    461 |      8 |   1 |  646.0 |
               +--------+--------+--------+--------+--------+-----+--------+

Top non-repeatable levels by time:
    D:11: 2532 daAuts
     D:6: 1830 daAuts
     D:4: 1533 daAuts
     D:7: 1354 daAuts
     D:8: 1301 daAuts
     D:5: 1261 daAuts
    D:12: 1223 daAuts
    D:13: 1066 daAuts
     D:9: 992 daAuts
     D:2: 899 daAuts
     D:3: 864 daAuts
     D:1: 861 daAuts
    D:10: 853 daAuts
Gauntlet: 646 daAuts
